 Dungeon Crawl Stone Soup version 0.32-a0-859-gb0a091d592 (webtiles) character file.

Game seed: 15426521752454262269

87 Thrusty the Slasher (level 4, 0/31 HPs)
             Began as a Coglin Chaos Knight on Mar 27, 2024.
             Was a Follower of Hepliaklqana.
             Shot with a sling bullet by a goblin (7 damage)
             ... on level 3 of the Dungeon.
             The game lasted 00:16:30 (1080 turns).

Thrusty the Slasher (Coglin Chaos Knight)           Turns: 1080, Time: 00:16:30

Health: 0/31       AC:  6    Str: 16    XL:     4   Next: 51%
Magic:  4/4        EV: 10    Int: 10    God:    Hepliaklqana [*.....]
Gold:   93         SH:  0    Dex: 15    Spells: 3/3 levels left

rFire   . . .        a - +0 falchion (chaos) {Wystan}
rCold   . . .        d - +0 dagger {Vicente}
rNeg    . . .        b - +2 leather armour
rPois   .            (helmet restricted)
rElec   .            (no cloak)
rCorr   .            c - +0 pair of gloves
SInv    .            (no boots)
Will    .....        (amulet unavailable)
Stlth   +            (ring unavailable)
HPRegen 0.25/turn    (ring unavailable)
MPRegen 0.09/turn    (no gizmo)

%: no passive effects
@: no status effects
A: reduced essence, off-hand wielding, slow wielding, warmup strikes, no
jewellery, horns 1, strong 1, MP-powered wands
a: Invent Gizmo, Renounce Religion, Recall Ancestor, Ancestor Identity


You were on level 3 of the Dungeon.
You worshipped Hepliaklqana.
Hepliaklqana was aware of your devotion.
You visited 1 branch of the dungeon, and saw 3 of its levels.

You collected 93 gold pieces.

Inventory:

Hand Weapons
 a - a +0 falchion of chaos (weapon) {Wystan}
 d - a +0 dagger (offhand) {Vicente}
Missiles
 j - 23 stones
 k - 2 poisoned darts (quivered)
Armour
 b - a +2 leather armour (worn)
 c - a +0 pair of gloves (worn)
 f - a +1 hat
 n - an orb of wrath
Talismans
 e - a granite talisman
Scrolls
 g - a scroll of identify {unknown}
 h - a scroll of blinking {unknown}
 i - a scroll of fog {unknown}
 l - a scroll of vulnerability {unknown}
 o - a scroll of revelation
Potions
 m - a potion of magic {unknown}
 p - a potion of attraction {unknown}
 Q - a potion of curing


   Skills:
 - Level 3.0 Fighting
 + Level 5.1 Long Blades
 - Level 1.7 Armour
 - Level 0.8 Dodging


You had 3 spell levels left.
You didn't know any spells.
Your spell library contained the following spells:

 Spells                   Type           Power      Damage    Failure   Level
 Lesser Beckoning         Tloc           0%         N/A       56%         2
 Teleport Other           Tloc           0%         N/A       80%         3
 Maxwell's Portable Pile  Tloc           0%         2d(5-10)  99%         4


Dungeon Overview and Level Annotations

Branches:
Dungeon (3/15)

Altars:
Cheibriados
Hepliaklqana

Annotations:
D:3 Sigmund


Innate Abilities, Weirdness & Mutations

Your life essence is reduced to manifest your ancestor. (-10% HP)
You can wield a second weapon in your off-hand.
It takes a long time for you to wield or remove held weapons.
Your first few attacks do less damage.
You cannot equip rings or amulets.
You have a pair of small horns on your head.
Your muscles are strong. (Str +4, Int/Dex -1)
You expend magic power (3 MP) to strengthen your wands.


Message History

This is a scroll of acquirement!
Something appears at your feet! The goblin barely misses you.
Sigmund hits you from afar with a +4 scythe!
* * * LOW HITPOINT WARNING * * *
Press: ? - help, v - describe, . - travel, g - get item Item here: a +2 dagger of holy wrath.
The floor.
The goblin attacks as it pursues you! The goblin completely misses you.
The goblin attacks as it pursues you! The goblin closely misses you.
A bat comes into view.
The bat moves out of view.
There is a snail-covered altar of Cheibriados here.
The bat hits you.
* * * LOW HITPOINT WARNING * * *
The bat barely misses you.
Sigmund mumbles some strange words.
Sigmund flickers and vanishes!
Deactivating autopickup; reactivate with Ctrl-A.
The bat misses you.
You see here a granite talisman.
e - a granite talisman The bat hits you but does no damage.
The bat barely misses you. The bat hits you but does no damage.
The bat closely misses you. The bat hits you but does no damage.
The bat attacks as it pursues you! The bat misses you.
The bat hits you but does no damage. The bat hits you.
* * * LOW HITPOINT WARNING * * *
The bat barely misses you. The bat attacks as it pursues you!
The bat hits you but does no damage. The goblin attacks as it pursues you!
The goblin misses you. The bat hits you but does no damage.
Found a stone staircase leading down.
The bat hits you but does no damage.
A giant cockroach comes into view.
The bat hits you but does no damage.
A goblin comes into view.
It is wielding the +5 sling of Zin, Cursing {elec, rN+}.
The goblin shouts!
The bat hits you but does no damage. The bat hits you but does no damage.
The goblin shoots a sling bullet.
The sling bullet hits you.
* * * LOW HITPOINT WARNING * * *
The bat hits you but does no damage.
There is a stone staircase leading down here.
The bat hits you but does no damage. The giant cockroach closely misses you.
The goblin shoots a sling bullet.
The sling bullet hits you!
You die...
Hepliaklqana delivers you to your ancestors.

*,,,*,,*ß***ß**,,,**ß###ß#....#..
*,,,*,,******##...########....#..
*,,,*,,,,,,,,*ß...ß#..........###
*,,,**********#...##...#...#.....
*,,,,,,,,,****#...##...........#.
***,,,,,,,,,,##..g##...........#.
***,,,,,,.,,,#ß...ß#...........#.
*,,,,,,,,....##...##.#.........#.
*,,,,,,,,.......@g.###........##.
*,,,,,,,,.#.....Bb..##........##.
******,,,,#.......#...........##†
*,,,,,,,,,#.......#............†.
*,,,,,,,,,#.......#...#.........#
*,,,,,,*,.........#####..........
,,,,,,,,,..........,,........#...
*,,,,,,*,...##.....,,........#...
*,,,,,,*,,,,**,,,,,,,............


You could see a giant cockroach, 2 goblins and a bat.

Vanquished Creatures
  A bullfrog (D:3)
  4 bats
  2 endoplasms
  A giant cockroach (D:1)
  2 goblins
  3 hobgoblins
  A jackal (D:1)
  A ball python (D:2)
  3 frilled lizards
  3 kobolds
  2 rats
23 creatures vanquished.

Vanquished Creatures (collateral kills)
  A hobgoblin (D:3)
1 creature vanquished.

Grand Total: 24 creatures vanquished

Notes
Turn   | Place    | Note
-------+----------+-------------------------------------------
     0 | D:1      | Thrusty the Coglin Chaos Knight began the quest for the
                  | Orb.
     0 | D:1      | Reached XP level 1. HP: 18/18 MP: 1/1
    60 | D:1      | XOM: divination: detect creatures
   105 | D:1      | XOM: smoke on damage
   234 | D:1      | Reached XP level 2. HP: 21/24 MP: 2/2
   513 | D:1      | XOM: noise
   543 | D:1      | XOM: give mutations
   543 | D:1      | Gained mutation: Your muscles are strong. (Str +4, Int/Dex
                  | -1) [Xom's mischief]
   543 | D:1      | Gained mutation: You expend magic power (3 MP) to
                  | strengthen your wands. [Xom's mischief]
   543 | D:1      | Gained mutation: You have a pair of small horns on your
                  | head. [Xom's mischief]
   588 | D:2      | XOM: 4-stop teleportation journey
   671 | D:3      | Noticed Sigmund
   676 | D:3      | XOM: enchant monster (bad)
   820 | D:3      | Noticed a bombardier beetle
   858 | D:3      | a bombardier beetle changed into a bullfrog
   858 | D:3      | Noticed a bullfrog
   858 | D:3      | XOM: polymorph bombardier beetle -> bullfrog
   863 | D:3      | Killed a bullfrog
   864 | D:3      | Reached skill level 5 in Long Blades
   864 | D:3      | Reached XP level 3. HP: 29/29 MP: 3/3
   864 | D:3      | Reached XP level 4. HP: 35/35 MP: 4/4
   968 | D:3      | Found a faded altar of an unknown god.
   979 | D:3      | Prayed at the altar of an unknown god.
   979 | D:3      | Fell from the grace of Xom
   979 | D:3      | Became a worshipper of Hepliaklqana the Forgotten
   979 | D:3      | Reached * piety under Hepliaklqana
  1029 | D:3      | Found a snail-covered altar of Cheibriados.
  1044 | D:3      | Identified a scroll of acquirement
  1044 | D:3      | Acquired a +2 dagger of holy wrath
  1077 | D:3      | Identified the +5 sling of Zin, Cursing {elec, rN+}
  1080 | D:3      | Shot with a sling bullet by a goblin

Illustrated notes

Levels and vault maps discovered:
D:1:      grunt_arrival_lava_bath, layout_loops_ring, hangedman_decor_points
D:2:      layout_rooms
D:3:      wad_lake_hut, layout_basic, lemuel_tele_altar,
          chequers_ecumenical_altar_simple_redux, corexii_hall_statues_x,
          uniq_sigmund

Skill      XL: |  1  2 |
---------------+-------+-----
Long Blades    | 5 |  5.1
Fighting       | |  3.0
Armour         | |  1.7
Dodging        | |  0.8

Action                     |  1- 3 |  4- 6 || total
---------------------------+-------+-------++-------
  Melee: Dagger            |    34 |     7 ||    41
         Falchion          |    32 |     5 ||    37
         Headbutt          |     2 |     1 ||     3
  Throw: Dart              |     2 |       ||     2
 Invoke: Ancestor Identity |       |     1 ||     1
    Use: Potion            |     1 |       ||     1
         Scroll            |     1 |     2 ||     3
 Armour: Leather armour    |    21 |    28 ||    49
  Dodge: Dodged            |    20 |    17 ||    37

Table legend: (Time is in decaauts)
 A = Elapsed time spent in this place.
 B = Non-inter-level travel time spent in this place.
 C = Inter-level travel time spent in this place.
 D = Time resting spent in this place.
 E = Time spent auto-exploring this place.
 F = Levels seen in this place.
 G = Mean time per level.
                   A        B        C        D        E       F      G
               +--------+--------+--------+--------+--------+-----+--------+
         Total |   1091 |   1039 |     52 |     28 |    154 |   3 |  363.7 |
       Dungeon |   1091 |   1039 |     52 |     28 |    154 |   3 |  363.7 |
               +--------+--------+--------+--------+--------+-----+--------+

Top non-repeatable levels by time:
     D:1: 434 daAuts
     D:3: 420 daAuts
     D:2: 235 daAuts
